 Dungeon Crawl Stone Soup version 0.29-a0-275-g389c0b56f3 (webtiles) character file.

Game seed: 11988185125137246909

336 shoop the Vexing (level 6, -1/34 HPs)
             Began as a Deep Elf Arcane Marksman on Mar 10, 2022.
             Was an Initiate of Fedhas.
             Slain by a black bear (4 damage)
             ... on level 4 of the Dungeon.
             The game lasted 00:12:12 (4248 turns).

shoop the Vexing (Deep Elf Arcane Marksman)         Turns: 4248, Time: 00:12:13

Health: -1/34      AC:  3    Str:  7    XL:     6   Next: 28%
Magic:  6/12       EV: 13    Int: 18    God:    Fedhas [......]
Gold:   324        SH:  0    Dex: 17    Spells: 7/11 levels left

rFire   . . .      SeeInvis .   a - +0 shortbow
rCold   . . .      Faith    .   (shield currently unavailable)
rNeg    . . .      Spirit   .   b - +0 robe
rPois   .          Reflect  .   k - +0 hat
rElec   .          Harm     .   (no cloak)
rCorr   .          Rampage  .   (no gloves)
Will    .....                   e - +0 pair of boots
Stlth   ++........              (no amulet)
HPRegen 0.11/turn               (no ring)
MPRegen 0.13/turn               (no ring)

@: no status effects
A: no striking features
a: Renounce Religion


You were on level 4 of the Dungeon.
You worshipped Fedhas.
Fedhas was noncommittal.
You visited 2 branches of the dungeon, and saw 6 of its levels.
You also visited: Ossuary.

You collected 324 gold pieces.

Inventory:

Hand Weapons
 a - a +0 shortbow (weapon)
Armour
 b - a +0 robe (worn)
 e - a +0 pair of boots (worn)
 k - a +0 hat (worn)
Wands
 m - a wand of flame (28)
 s - a wand of iceblast (8)
Scrolls
 c - a scroll of vulnerability
 d - a scroll of fog {unknown}
 f - 2 scrolls of teleportation {unknown}
 i - 3 scrolls of identify
 j - 2 scrolls of brand weapon {unknown}
 o - a scroll of noise {unknown}
 q - a scroll of amnesia {unknown}
 v - a scroll of immolation {unknown}
 y - a scroll of enchant armour {unknown}
Potions
 g - 3 potions of heal wounds {unknown}
 h - 3 potions of flight {unknown}
 l - 3 potions of ambrosia {unknown}
 n - 3 potions of curing {unknown}
 p - 2 potions of haste {unknown}
 r - a potion of attraction {unknown}
 t - a potion of mutation
 u - 2 potions of degeneration {unknown}
 w - 2 potions of lignification {unknown}
 x - 2 potions of might {unknown}


   Skills:
 - Level 1.0 Fighting
 + Level 5.0 Bows
 - Level 3.0 Dodging
 - Level 2.0 Stealth
 + Level 3.1 Spellcasting
 + Level 2.8 Conjurations
 * Level 5.5 Hexes
 + Level 1.5 Evocations


You had 7 spell levels left.
You knew the following spells:

 Your Spells              Type           Power      Damage    Failure   Level
a - Slow                  Hex            88%        N/A       1%          1
c - Dazzling Flash        Conj/Hex       36%        N/A       9%          3

Your spell library contained the following spells:

 Spells                   Type           Power      Damage    Failure   Level
 Freeze                   Ice            8%         1d3       16%         1
 Inner Flame              Hex/Fire       12%        N/A       16%         3
 Portal Projectile        Hex/Tloc       24%        N/A       16%         3
 Cause Fear               Hex            11%        N/A       16%         4
 Frozen Ramparts          Ice            4%         1d2       43%         3
 Gell's Gravitas          Tloc           2%         N/A       43%         3
 Lesser Beckoning         Tloc           2%         N/A       43%         3
 Teleport Other           Tloc           2%         N/A       43%         3
 Hailstorm                Conj/Ice       8%         3d4       65%         4
 Silence                  Hex/Air        6%         N/A       82%         5
 Agony                    Necr           2%         N/A       99%         5


Dungeon Overview and Level Annotations

Branches:
Dungeon (5/15)             Temple (1/1) D:5         Ossuary (visited)

Altars:
Fedhas
Gozag
Nemelex Xobeh
Vehumet
Wu Jian

Shops:
D:3 [

Annotations:
D:4 Edmund
D:5 exclusion: necrophage


Message History

Casting: Dazzling Flash (dangerous; 9% risk of failure)
Press: ? - help, Dir - look around, f - activate The ball python is dazzled.
The black bear is dazzled.
The ball python bites you but does no damage.
The black bear misses you. x2; The black bear claws you.
Unknown command.
The ball python completely misses you.
You shoot an arrow. The arrow hits the ball python.
You kill the ball python!
Fedhas appreciates your contribution to the ecosystem.
The black bear is no longer blind.
You shoot an arrow.
The arrow closely misses the black bear.
The black bear misses you. The black bear closely misses you.
The black bear claws you but does no damage.
You shoot an arrow.
The arrow closely misses the black bear.
The black bear bites you. The black bear claws you. x2
Found a stone staircase leading down.
The black bear bites you!
* * * LOW HITPOINT WARNING * * *
The black bear barely misses you. The black bear claws you.
* * * LOW HITPOINT WARNING * * *
The black bear attacks as you move away!
The black bear closely misses you. The black bear barely misses you.
The black bear claws you.
* * * LOW HITPOINT WARNING * * *
Okay, then.
Okay, then.
Okay, then.
Casting: Dazzling Flash (dangerous; 9% risk of failure)
Confirm with . or Enter, or press ? or * to list all spells.
Aiming: Slow (safe; 1% risk of failure)
Press: ? - help, Shift-Dir - straight line, f/p - black bear
Aim: a black bear (chance to affect: 62%)
The black bear resists with significant effort.
The black bear bites you.
* * * LOW HITPOINT WARNING * * *
The black bear claws you.
You die...
Fedhas appreciates your contribution to the ecosystem.

. ........?..
!...........#
............
.......#...####
.......#...##.#####
...............#..#
................†.#
................h.#
............#...@.#
.....#>.........=#
.... #..#........#
... ...#####..####
.... #..... ..#..
>.....# ..#..#.#..#
## ... ..###.. ...
..#


You could see a black bear.

Vanquished Creatures
  A howler monkey (D:4)
  An iguana (D:5)
  8 mummies (Ossuary)
  7 adders
  An ufetubus (D:5)
  2 worms
  2 dart slugs
  3 orcs
  5 ball pythons
  10 bats
  3 endoplasms
  A giant cockroach (D:1)
  2 gnoll zombies (Ossuary)
  7 goblins
  8 hobgoblins
  7 jackals
  6 kobolds
  4 quokkas
  2 frilled lizards
  A hobgoblin zombie (Ossuary)
  A jackal zombie (D:5)
  4 kobold zombies
  2 orc zombies (Ossuary)
  7 rats
95 creatures vanquished.

Notes
Turn   | Place    | Note
-------+----------+-------------------------------------------
     0 | D:1      | shoop the Deep Elf Arcane Marksman began the quest for the
                  | Orb.
     0 | D:1      | Reached XP level 1. HP: 11/11 MP: 5/5
    29 | D:1      | Reached skill level 1 in Stealth
   286 | D:1      | Reached XP level 2. HP: 5/16 MP: 6/6
   807 | D:1      | Reached XP level 3. HP: 20/20 MP: 7/7
  1141 | D:1      | Reached skill level 1 in Fighting
  1224 | D:2      | Learned a level 3 spell: Dazzling Flash
  1469 | D:2      | Reached skill level 1 in Conjurations
  1496 | D:2      | Reached XP level 4. HP: 25/25 MP: 7/9
  1723 | D:2      | Found a faded altar of an unknown god.
  2125 | D:3      | Found Fehemel's Antique Armour Boutique.
  2686 | D:3      | Reached XP level 5. HP: 29/29 MP: 10/10
  2844 | D:4      | Noticed Edmund
  2907 | D:4      | Noticed a black bear
  3198 | D:5      | Entered Level 5 of the Dungeon
  3198 | D:5      | Found a staircase to the Ecumenical Temple.
  3208 | Temple   | Entered the Ecumenical Temple
  3252 | Temple   | Became a worshipper of Fedhas Madash
  3336 | D:5      | Found a sand-covered staircase.
  3522 | D:5      | Reached skill level 5 in Hexes
  3522 | D:5      | Reached skill level 1 in Evocations
  3598 | Ossuary  | Entered an ossuary
  3761 | Ossuary  | Reached XP level 6. HP: 34/34 MP: 12/12
  4064 | Ossuary  | Reached skill level 5 in Bows
  4248 | D:4      | Slain by a black bear

Illustrated notes

Levels and vault maps discovered:
D:1:      wander_arrival_abandoned_jail, layout_loops_ring, hex_large
D:2:      layout_loops_ring, dreamdust_ecumenical_altar_statues
D:3:      layout_basic, serial_shops,
          nicolae_shop_temple_entry_statues_fountains, feat_on_display
D:4:      layout_cave_pools, hangedman_decor_clover_reticule,
          roderic_filled_cross, uniq_edmund, uniq_crazy_yiuf_cottage
D:5:      layout_loops_ring, minmay_temple_entry_arrows, enter_ossuary_3
Temple:   mainiacjoe_temple_hex_bubbles

Skill      XL: |  1  2  3  4  5  6 |
---------------+-------------------+-----
Stealth        | 2 |  2.0
Bows           | 3 4 5 |  5.0
Fighting       | 1 |  1.0
Spellcasting   | 2 3 |  3.1
Dodging        | 3 |  3.0
Conjurations   | 1 2 |  2.8
Hexes          | 5 |  5.5
Evocations     | 1 |  1.5

Action                   |  1- 3 |  4- 6 || total
-------------------------+-------+-------++-------
 Fire: Shortbow          |   122 |   224 ||   346
 Cast: Slow              |    10 |    25 ||    35
       Dazzling Flash    |       |     2 ||     2
Evoke: Wand              |       |     1 ||     1
  Use: Scroll            |       |     1 ||     1
Armor: Robe              |    23 |    17 ||    40
Dodge: Dodged            |    37 |    42 ||    79

Table legend: (Time is in decaauts)
 A = Elapsed time spent in this place.
 B = Non-inter-level travel time spent in this place.
 C = Inter-level travel time spent in this place.
 D = Time resting spent in this place.
 E = Time spent auto-exploring this place.
 F = Levels seen in this place.
 G = Mean time per level.
                   A        B        C        D        E       F      G
               +--------+--------+--------+--------+--------+-----+--------+
         Total |   4350 |   4030 |    320 |    295 |   2682 |   7 |  621.4 |
       Dungeon |   3727 |   3428 |    299 |    146 |   2473 |   5 |  745.4 |
        Temple |     65 |     44 |     21 |      0 |      0 |   1 |   65.0 |
       Ossuary |    556 |    556 |      0 |    149 |    209 |   1 |  556.0 |
               +--------+--------+--------+--------+--------+-----+--------+

Top non-repeatable levels by time:
     D:1: 1228 daAuts
     D:2: 922 daAuts
     D:3: 819 daAuts
 Ossuary: 556 daAuts
     D:5: 438 daAuts
     D:4: 318 daAuts
  Temple: 65 daAuts
